 Dungeon Crawl Stone Soup version 0.29-a0-23-ga79f92ac9c (webtiles) character file.

Game seed: 1743228756577820424

681 Ajdolov the Gusty (level 7, -5/41 HPs)
             Began as an Octopode Venom Mage on Jan 30, 2022.
             Splashed by a jelly's acid (8 damage)
             ... on level 6 of the Dungeon.
             The game lasted 00:13:32 (6886 turns).

Ajdolov the Gusty (Octopode Venom Mage)             Turns: 6886, Time: 00:13:33

Health: -5/41      AC: -11   Str:  7    XL:     7   Next: 61%
Magic:  11/11      EV: 13    Int: 20    God:
Gold:   156        SH:  0    Dex: 12    Spells: 2/12 levels left

rFire   . . .      SeeInvis .   k - +0 dagger
rCold   . . .      Faith    .   (no shield)
rNeg    . . .      Spirit   .   (helmet restricted)
rPois   .          Reflect  .   c - amulet of the acrobat
rElec   .          Harm     .   (no ring)
rCorr   .          Rampage  .   (no ring)
Will    .....                   (no ring)
Stlth   +++.......              (no ring)
HPRegen 0.13/turn               (no ring)
MPRegen 0.12/turn               (no ring)
                                (no ring)
                                (no ring)

@: corroded
A: almost no armour, amphibious, 8 rings, camouflage 1, gelatinous body 1,
(nimble swimmer 1), tentacles
a: no special abilities


You were on level 6 of the Dungeon.
You visited 1 branch of the dungeon, and saw 7 of its levels.

You collected 156 gold pieces.

Inventory:

Hand Weapons
 k - a +0 dagger (weapon)
Jewellery
 c - an amulet of the acrobat (around mantle)
 m - a +6 ring of intelligence
Wands
 e - a wand of flame (9)
 j - a wand of polymorph (6)
Scrolls
 a - 3 scrolls of fog {unknown}
 b - 6 scrolls of identify {unknown}
 h - a scroll of immolation {unknown}
 i - 2 scrolls of fear {unknown}
 n - a scroll of teleportation {unknown}
 o - 3 scrolls of amnesia {unknown}
 r - a scroll of enchant weapon {unknown}
 s - a scroll of noise {unknown}
Potions
 d - a potion of curing {unknown}
 f - a potion of ambrosia {unknown}
 g - a potion of flight {unknown}
 l - 2 potions of might {unknown}
 p - a potion of berserk rage {unknown}
 q - 2 potions of haste {unknown}
 t - a potion of heal wounds {unknown}


   Skills:
 - Level 2.0 Dodging
 - Level 2.6 Stealth
 - Level 3.2 Spellcasting
 * Level 3.7 Conjurations
 - Level 1.0 Transmutations
 * Level 5.4 Air Magic
 - Level 5.1 Poison Magic


You had 2 spell levels left.
You knew the following spells:

 Your Spells              Type           Power      Damage    Failure   Level
a - Sting                 Tmut/Pois      60%        1d6       4%          1
b - Poisonous Vapours     Pois/Air       48%        N/A       2%          2
c - Mephitic Cloud        Conj/Pois/Air  22%        N/A       6%          3
d - Olgreb's Toxic Radia  Pois           23%        N/A       17%         4

Your spell library contained the following spells:

 Spells                   Type           Power      Damage    Failure   Level
 Gell's Gravitas          Tloc           3%         N/A       38%         3
 Lesser Beckoning         Tloc           3%         N/A       38%         3
 Teleport Other           Tloc           3%         N/A       38%         3


Dungeon Overview and Level Annotations

Branches:
Dungeon (7/15)
 Temple: D:4-7

Altars:

Annotations:
D:6 exclusion: jelly


Innate Abilities, Weirdness & Mutations

You cannot wear most types of armour.
You are amphibious.
You can wear up to eight rings at the same time.
Your skin changes colour to match your surroundings (Stealth+).
Your rubbery body absorbs attacks. (AC +1, EV +1)
((You are camouflaged when in or above water. (Stealth+)))
You have tentacles for arms and can constrict up to eight enemies at once.


Message History

The centaur zombie hits you. The centaur zombie barely misses you.
You hit the centaur zombie.
The centaur zombie is almost destroyed.
The centaur zombie misses you. x3; The centaur zombie kicks you.
You hit the centaur zombie. You squeeze the centaur zombie.
The centaur zombie is almost destroyed.
The centaur zombie hits you. The centaur zombie kicks you.
* * * LOW HITPOINT WARNING * * *
You hit the centaur zombie.
You destroy the centaur zombie!
You start resting.
HP restored.
Found a stone staircase leading down.
Found a stone staircase leading up.
A jelly comes into view.
There is a stone staircase leading up here.
The helpless jelly fails to defend itself.
You puncture the jelly! The acid corrodes you!
Your tentacles burn!
You squeeze the jelly.
The jelly is severely wounded.
The jelly hits you.
You are splashed with acid!
You hit the jelly.
Your tentacles burn!
The jelly is severely wounded.
The jelly closely misses you.
You hit the jelly. The acid corrodes you!
Your tentacles burn!
The jelly is almost dead.
The jelly hits you. The acid corrodes you!
You are splashed with acid!
* * * LOW HITPOINT WARNING * * *
You hit the jelly but do no damage.
Your tentacles burn!
* * * LOW HITPOINT WARNING * * *
The jelly is almost dead.
The jelly barely misses you.
You hit the jelly but do no damage.
Your tentacles burn!
* * * LOW HITPOINT WARNING * * *
You squeeze the jelly, but do no damage.
The jelly is almost dead.
The jelly hits you.
* * * LOW HITPOINT WARNING * * *
You are splashed with acid!
You die...

#....# ##....#
#.....##### #...
#.......... ..>#
#.......... #####..#
#........ ....#..#
#.....## #.#.#..#
#..@...# ....#..#
#...J..# .#..#..#####
#.##...#
...+#......###..#...#
.#.....###..........#
.......# #.#.#.#....#
#......# #..........#
#......# #.#.#.#...##
#......# #.........#


You could see a jelly.

Vanquished Creatures
  A sky beast (D:5)
  An ogre (D:3)
  A phantom (D:4)
  A kobold brigand (D:4)
  A scorpion (D:4)
  A water moccasin zombie (D:5)
  A centaur zombie (D:6)
  An iguana (D:4)
  3 hound skeletons (D:4)
  2 adders
  4 gnolls
  A white imp (D:5)
  An adder skeleton (D:4)
  A worm (D:4)
  A dart slug (D:2)
  4 orcs (D:4)
  5 ball pythons
  5 bats
  9 endoplasms
  2 giant cockroaches
  3 goblins (D:3)
  10 hobgoblins
  2 jackals (D:3)
  4 kobolds
  5 quokkas
  5 frilled lizards
  10 rats
85 creatures vanquished.

Notes
Turn   | Place    | Note
-------+----------+-------------------------------------------
     0 | D:1      | Ajdolov the Octopode Venom Mage began the quest for the
                  | Orb.
     0 | D:1      | Reached XP level 1. HP: 11/11 MP: 3/3
   150 | D:1      | Reached XP level 2. HP: 13/17 MP: 3/5
   465 | D:1      | Learned a level 2 spell: Poisonous Vapours
   580 | D:1      | Reached XP level 3. HP: 15/21 MP: 6/6
  1612 | D:2      | Reached skill level 1 in Air Magic
  2385 | D:2      | Found a faded altar of an unknown god.
  2408 | D:2      | Reached XP level 4. HP: 12/27 MP: 5/8
  3471 | D:3      | Found Xeylar's General Store.
  3716 | D:4      | Noticed a kobold brigand
  3737 | D:4      | Killed a kobold brigand
  3738 | D:4      | Reached XP level 5. HP: 31/31 MP: 2/9
  3747 | D:4      | Learned a level 3 spell: Mephitic Cloud
  3940 | D:4      | Noticed an ogre
  3981 | D:3      | Killed an ogre
  3982 | D:3      | Reached skill level 1 in Conjurations
  3982 | D:3      | Reached skill level 5 in Poison Magic
  3982 | D:3      | Reached XP level 6. HP: 19/36 MP: 3/10
  4770 | D:4      | Learned a level 4 spell: Olgreb's Toxic Radiance
  4987 | D:5      | Entered Level 5 of the Dungeon
  4997 | D:5      | Noticed a sky beast
  5105 | D:5      | Killed a sky beast
  5273 | D:4      | Reached XP level 7. HP: 41/41 MP: 4/11
  6042 | D:4      | Reached skill level 5 in Air Magic
  6548 | D:5      | You fall into a shaft and drop 2 floors!
  6886 | D:6      | Splashed by a jelly's acid

Illustrated notes

Levels and vault maps discovered:
D:1:      ncdulo_halloftheorcs, layout_basic, chequers_avenue
D:2:      wad_river_or_something, layout_loops_ring,
          shapermc_ecumenical_altar_pompeii, serial_rivers,
          chequers_serial_rivers_large_a, chequers_serial_rivers_micro_c,
          chequers_serial_rivers_micro_b, chequers_serial_rivers_micro_d,
          minmay_tetromino_t4
D:3:      layout_basic, serial_shops, shop
D:4:      layout_basic
D:5:      layout_gridville
D:6:      layout_basic, serial_glass, glass_columns_b, glass_columns_a,
          glass_columns_b, glass_columns_a, glass_columns_a, glass_columns_a,
          glass_columns_a, glass_columns_c, minmay_fountain_box,
          kennysheep_generic_room_4, uniq_menkaure
D:7:      layout_gridville, minmay_temple_entry_ruins, serial_shops,
          nicolae_lakefront_shop, kennysheep_decorative_pillar,
          minmay_misc_feat_square, minmay_statues_item

Skill      XL: |  1  2  3  4  5  6  7 |
---------------+----------------------+-----
Poison Magic   | 4 5 |  5.1
Air Magic      | 1 3 4 5 |  5.4
Spellcasting   | 3 |  3.2
Conjurations   | 1 2 3 |  3.7
Dodging        | |  2.0
Stealth        | |  2.6
Transmutations | |  1.0

Action                   |  1- 3 |  4- 6 |  7- 9 || total
-------------------------+-------+-------+-------++-------
Melee: Unarmed           |    75 |     7 |       ||    82
       Constrict         |    16 |    14 |     3 ||    33
       Tentacles         |    25 |    18 |    13 ||    56
       Punch             |     1 |       |     1 ||     2
       Dagger            |       |    54 |    54 ||   108
 Cast: Sting             |    16 |       |       ||    16
       Poisonous Vapours |    19 |    47 |     8 ||    74
       Mephitic Cloud    |       |     3 |     1 ||     4
Evoke: Wand              |       |       |     9 ||     9
 Stab: Sleeping          |    10 |     3 |     1 ||    14
       Confused          |       |       |     1 ||     1
Armor: Skin              |     2 |     2 |     8 ||    12
Dodge: Dodged            |    39 |    30 |    47 ||   116

Table legend: (Time is in decaauts)
 A = Elapsed time spent in this place.
 B = Non-inter-level travel time spent in this place.
 C = Inter-level travel time spent in this place.
 D = Time resting spent in this place.
 E = Time spent auto-exploring this place.
 F = Levels seen in this place.
 G = Mean time per level.
                   A        B        C        D        E       F      G
               +--------+--------+--------+--------+--------+-----+--------+
         Total |   6894 |   6615 |    279 |   1556 |   3992 |   7 |  984.9 |
       Dungeon |   6894 |   6615 |    279 |   1556 |   3992 |   7 |  984.9 |
               +--------+--------+--------+--------+--------+-----+--------+

Top non-repeatable levels by time:
     D:4: 2238 daAuts
     D:2: 1598 daAuts
     D:1: 1348 daAuts
     D:3: 1011 daAuts
     D:5: 359 daAuts
     D:6: 322 daAuts
     D:7: 14 daAuts
